 Dungeon Crawl Stone Soup version 0.29.1-12-g30fa7ad0bf (webtiles) character file.

Game seed: 1178943093619286761

43281 Radix the Severer (level 14, -3/136 (138) HPs)
             Began as a Hill Orc Fighter on Jan 7, 2023.
             Was a High Priest of Beogh (penitent).
             Killed from afar by an orc sorcerer (5 damage)
             ... with a bolt of negative energy
             ... led by the wrath of Beogh
             ... on level 4 of the Lair of Beasts.
             The game lasted 01:44:19 (21974 turns).

Radix the Severer (Hill Orc Fighter)               Turns: 21974, Time: 01:44:19

HP:   -3/136 (138)  AC: 28    Str: 27    XL:     14   Next: 23%
MP:   19/19         EV: 10    Int:  8    God:    Beogh [*****.]
Gold: 944           SH:  7    Dex:  8    Spells: 13/13 levels left

rFire   + . .      SeeInvis +   a - +2 war axe
rCold   + . .      Faith    .   V - +2 buckler {rN+}
rNeg    + . .      Spirit   .   U - +7 Kryia's mail coat {PotionHeal*2 rC+}
rPois   .          Reflect  .   g - +0 hat of Lullibbo {rF+ Str+3 SInv}
rElec   .          Harm     .   p - +0 cloak
rCorr   .          Rampage  .   M - +1 pair of gloves {Stlth+}
Will    +....                   L - +2 pair of boots {Fly}
Stlth   +.........              u - amulet of regeneration
HPRegen 0.00/turn               k - +4 ring of slaying
MPRegen 0.16/turn               j - +4 ring of protection

@: flying, inhibited regen, studying Dodging, lightly drained, invisible
A: clumsy 1, inhibited regeneration
a: Renounce Religion


You were on level 4 of the Lair of Beasts.
You worshipped Beogh.
Beogh was demanding penance.
You visited 2 branches of the dungeon, and saw 15 of its levels.
You also visited: Ice Cave and Volcano.

You collected 1318 gold pieces.
You spent 374 gold pieces at shops.

Inventory:

Hand Weapons
 a - a +2 war axe (weapon)
 l - a +1 broad axe of flaming
 n - a +0 arbalest of flaming
 t - a +0 arbalest
 w - the +2 long sword of Melee {vorpal, Int+7 Dex-3}
   (You found it on level 4 of the Dungeon)

   It inflicts extra damage upon your enemies.
   Int:       It affects your intelligence (+7).
   Dex:       It affects your dexterity (-3).
 x - a +0 demon whip of freezing
 J - a +0 arbalest
 Q - a +0 arbalest
Missiles
 h - 22 poisoned darts
 X - a curare-tipped dart
Armour
 g - the +0 hat of Lullibbo (worn) {rF+ Str+3 SInv}
   (You found it on level 5 of the Lair of Beasts)

   Str:       It affects your strength (+3).
   rF:        It protects you from fire.
   SInv:      It lets you see invisible.
 p - a +0 cloak (worn)
 q - a +2 scale mail of fire resistance
 I - an orb of energy
 L - a +2 pair of boots of flying (worn)
 M - a +1 pair of gloves of stealth (worn)
 U - the +7 Kryia's mail coat (worn) {PotionHeal*2 rC+}
   (You found it on level 10 of the Dungeon)

   Potions are twice as effective at healing its wearer.
   rC:        It protects you from cold.
 V - a +2 buckler of positive energy (worn)
Magical Staves
 c - a staff of earth
Jewellery
 i - an amulet of the acrobat
 j - a +4 ring of protection (right hand)
 k - a +4 ring of slaying (left hand)
 u - an amulet of regeneration (around neck)
 B - the ring of Yronehoi {*Slow rElec rN+ Str+5 Int+3}
   (You found it in an ice cave)

   [ring of positive energy]

   Str:       It affects your strength (+5).
   Int:       It affects your intelligence (+3).
   rElec:     It insulates you from electricity.
   rN:        It protects you from negative energy.
   *Slow:     It may slow you when you take damage.
 D - an amulet of magic regeneration
 R - a ring of positive energy
 T - a ring of protection from cold
Wands
 y - a wand of light (26)
 A - a wand of polymorph (8)
 F - a wand of paralysis (6)
 G - a wand of mindburst (9)
 H - a wand of roots (11) (quivered)
Scrolls
 r - 3 scrolls of teleportation
 v - 5 scrolls of identify
 E - a scroll of enchant armour
 W - a scroll of poison
Potions
 b - 2 potions of degeneration {unknown}
 d - 2 potions of flight {unknown}
 e - 7 potions of magic
 m - a potion of brilliance
 s - a potion of cancellation
 z - 3 potions of resistance
Miscellaneous
 C - a tin of tremorstones (2/2)


   Skills:
 + Level 16.4 Fighting
 + Level 17.6 Axes
 + Level 13.4 Armour
 + Level 5.9 Shields
 - Level 7.4 Invocations
 - Level 5.7 Evocations


You had 13 spell levels left.
You didn't know any spells.
Your spell library contained the following spells:

 Spells                   Type           Power      Damage    Failure   Level
 Shock                    Conj/Air       0%         1d3       71%         1
 Slow                     Hex            0%         N/A       71%         1
 Summon Small Mammal      Summ           0%         N/A       71%         1
 Poisonous Vapours        Pois/Air       0%         N/A       83%         2
 Call Canine Familiar     Summ           0%         N/A       97%         3
 Confusing Touch          Hex            0%         N/A       97%         3
 Dazzling Flash           Conj/Hex       0%         N/A       97%         3
 Gell's Gravitas          Tloc           0%         N/A       97%         3
 Inner Flame              Hex/Fire       0%         N/A       97%         3
 Stone Arrow              Conj/Erth      0%         3d7       97%         3
 Summon Guardian Golem    Hex/Summ       0%         N/A       97%         3
 Swiftness                Air            0%         N/A       97%         3
 Teleport Other           Tloc           0%         N/A       97%         3
 Vampiric Draining        Necr           0%         2d6       97%         3
 Airstrike                Air            0%         2d(0-16)  100%        4
 Animate Armour           Summ/Erth      0%         N/A       100%        4
 Cause Fear               Hex            0%         N/A       100%        4
 Corpse Rot               Necr/Pois/Air  0%         N/A       100%        4
 Iskenderun's Mystic Bla  Conj/Tloc      0%         2d3       100%        4
 Summon Lightning Spire   Summ/Air       0%         N/A       100%        4
 Lightning Bolt           Conj/Air       0%         1d11      100%        5
 Dispersal                Tloc           0%         N/A       100%        6
 Starburst                Conj/Fire      0%         6d3       100%        6
 Dragon Form              Tmut           0%         N/A       100%        7
 Discord                  Hex            0%         N/A       100%        8
 Lehudib's Crystal Spear  Conj/Erth      0%         10d2      100%        8
 Dragon's Call            Summ           0%         N/A       100%        9


Dungeon Overview and Level Annotations

Branches:
Dungeon (10/15)            Temple (0/1) D:6            Lair (5/5) D:10
  Swamp (0/4) Lair:3       Spider (0/4) Lair:2        Slime (0/5) Lair:4
  IceCv (visited)         Volcano (visited)
    Orc: D:9-12

Altars:
Hepliaklqana
Kikubaaqudgha
Makhleb
Wu Jian
Jiyva

Shops:
D:1 :   D:3 *[=?   D:7 :


Innate Abilities, Weirdness & Mutations

You are clumsy. (Dex -2)
You do not regenerate when monsters are visible.


Message History

You feel very sick.
There is a stone staircase leading down here.
The orc warrior attacks as you move away!
The orc warrior hits you but does no damage.
The neqoxec attacks as you move away! The neqoxec hits you.
* * * LOW HITPOINT WARNING * * *
Your surroundings seem slightly different.
* * * LOW HITPOINT WARNING * * *
You feel very sick.
It was a potion of invisibility.
You fade into invisibility!
* * * LOW HITPOINT WARNING * * *
You feel sick.
The orc warrior unwields a +2 scimitar of protection.
The orc warrior wields a +0 arbalest.
The orc warrior shoots a bolt.
The bolt hits the orc knight!
The orc knight completely misses you.
* * * LOW HITPOINT WARNING * * *
You feel sick.
The orc warrior shoots a bolt.
The bolt hits the orc knight!
* * * LOW HITPOINT WARNING * * *
You feel sick.
The orc sorcerer casts a spell.
The orc warrior shoots a bolt.
The bolt hits the orc knight.
You feel sick. The neqoxec gestures at you.
Strange energies course through your body.
You feel clumsy.
You feel sick.
You feel sick.
The orc sorcerer no longer looks unusually strong.
The orc warrior no longer looks unusually strong.
You feel sick.
The neqoxec disappears in a puff of smoke!
The orc warrior shoots a bolt.
The bolt hits the orc warrior!!
The orc warrior dies!
You feel sick.
You are no longer poisoned.
The orc sorcerer gestures at you while chanting.
The bolt of negative energy hits you. You partially resist.
You feel drained.
You die...
Beogh appreciates the orc sorcerer's killing of a heretic priest.

..# ##..##...####.....# #... .##
##........# #.....# #...
.######...#.....###.....# ##...
..##P##...#.......#.....#####....
..........##...##................
....(......##.###................
...........#####.................
............####.................
..####.#........@..o......#......
.## ###......#..##o...#######...
.# #....#######......# #.... .##
#....## ##.....## ##... ..#
#....P# #.....o.# #.... .##
##....## #.....4## #.... ..#
#P....# ##.>....# ##... .##
##....## ##.....## #.?.. .##
#.....# #......## #....


You could see an orc knight (unable to see you) and an orc sorcerer.

Vanquished Creatures
  An orc warlord (Volcano)
  A fire dragon (Volcano)
  A rakshasa (D:10)
  2 two-headed ogres (D:10)
  3 hydras (Lair:5)
  A catoblepas (Lair:5)
  2 orc knights (Lair:5)
  A tengu warrior (D:10)
  A deep troll shaman (Lair:5)
  5 death yaks (Lair:5)
  An orc sorcerer (Volcano)
  A lindwurm (Volcano)
  A necromancer (IceCv)
  The ghost of Jingleheimer the Carver, a novice DsFi (D:8)
  4 elephants (Lair:5)
  2 ice statues
  A rust devil (D:10)
  7 cane toads
  A kobold demonologist (D:10)
  2 freezing wraiths (IceCv)
  13 ice devils (IceCv)
  2 anaconda simulacra (IceCv)
  5 komodo dragons
  A polar bear (Lair:5)
  The ghost of sanboga the Insei, an amateur DsBe of Trog (D:5)
  4 trolls
  2 dancing weapons (Lair:5)
  2 dream sheep (Lair:4)
  4 blink frogs (Lair:4)
  4 hornets
  A shadow (D:10)
  A wraith (D:10)
  A wyvern (Lair:2)
  3 dire elephant simulacra (IceCv)
  32 yaks
  6 fire bats (Volcano)
  2 basilisks
  2 steam dragons
  3 vampire mosquitoes (Lair:3)
  A warg (Lair:5)
  6 death yak simulacra (IceCv)
  3 hell hounds (Volcano)
  An acid dragon (D:9)
  3 hydra simulacra (IceCv)
  6 water moccasins
  5 orc warriors
  4 ice beasts
  3 sky beasts
  4 black bears
  An ogre (D:7)
  6 centaurs
  16 wolves
  3 phantoms
  2 kobold brigands
  9 bullfrogs
  2 necrophages
  A two-headed ogre simulacrum (IceCv)
  2 water moccasin zombies (D:5)
  5 cane toad simulacra (IceCv)
  5 elephant simulacra (IceCv)
  11 killer bees
  4 electric eels (D:10)
  2 howler monkeys
  8 lava snakes (Volcano)
  A jelly (D:6)
  Crazy Yiuf (D:2)
  10 orc priests
  7 hounds
  An iguana (D:5)
  9 orc wizards
  A spriggan simulacrum (IceCv)
  A polar bear simulacrum (IceCv)
  A troll simulacrum (IceCv)
  3 wolf simulacra (IceCv)
  A hound zombie (D:5)
  A howler monkey zombie (D:5)
  A howler monkey skeleton (D:5)
  7 adders
  3 naga simulacra (IceCv)
  A white imp (D:7)
  The ghost of Smersh616 the Covert, a weakling GnDe (D:5)
  2 dart slugs
  26 orcs
  An endoplasm (D:1)
  3 giant cockroaches (D:1)
  6 goblins
  4 hobgoblins
  4 jackals (D:1)
  A quokka (D:2)
  8 ball pythons
  10 bats
  A frilled lizard (D:1)
  14 kobolds
  5 rats
376 creatures vanquished.

Vanquished Creatures (collateral kills)
  An ice dragon (Lair:3)
  An orc knight (Lair:5)
  2 hydras
  An orb spider (Lair:2)
  A cane toad (Lair:4)
  Maggie (Lair:2)
  3 komodo dragons
  A polar bear (Lair:3)
  4 dream sheep (Lair:4)
  6 blink frogs (Lair:4)
  6 yaks (Lair:2)
  A basilisk (Lair:2)
  2 vampire mosquitoes (Lair:3)
  A water moccasin (Lair:4)
  An ice beast (Lair:3)
  A wolf (Lair:2)
  2 bullfrogs (Lair:4)
  An electric eel (Lair:3)
  2 white imps (Lair:3)
  6 bats (Lair:4)
  A bush (Lair:2)
  A butterfly (Lair:3)
46 creatures vanquished.

Vanquished Creatures (others)
  An orc warrior (Lair:4)
  2 orc priests
  3 orcs
  A bush (Lair:5)
  A butterfly (Lair:3)
  23 fungi
  28 plants
  3 withered plants (D:5)
62 creatures vanquished.

Grand Total: 484 creatures vanquished

Notes
Turn   | Place    | Note
-------+----------+-------------------------------------------
     0 | D:1      | Radix the Hill Orc Fighter began the quest for the Orb.
     0 | D:1      | Reached XP level 1. HP: 19/19 MP: 1/1
   138 | D:1      | Reached skill level 3 in Axes
   213 | D:1      | Found Eluxoys's Book Shoppe.
   252 | D:1      | Found a faded altar of an unknown god.
   364 | D:1      | Reached XP level 2. HP: 26/27 MP: 2/2
   756 | D:2      | Reached XP level 3. HP: 34/34 MP: 3/3
  1072 | D:2      | Reached skill level 4 in Axes
  1529 | D:2      | Reached XP level 4. HP: 33/41 MP: 4/4
  1664 | D:2      | Found a runed translucent door.
  1665 | D:2      | Noticed Crazy Yiuf
  1674 | D:2      | Killed Crazy Yiuf
  1675 | D:2      | Reached skill level 5 in Fighting
  1919 | D:3      | Found Paluva's Magic Scroll Shop.
  1955 | D:3      | Bought a scroll of identify for 24 gold pieces
  1955 | D:3      | Bought a scroll of teleportation for 36 gold pieces
  2199 | D:3      | Found Hirullue's Jewellery Emporium.
  2290 | D:3      | Reached skill level 5 in Axes
  2399 | D:3      | Reached XP level 5. HP: 45/48 MP: 5/5
  2523 | D:3      | Found Ningad's Antique Armour Shoppe.
  2865 | D:3      | Found Zulam's Assorted Antiques.
  3144 | D:4      | Found an ornate altar of the Wu Jian Council.
  3209 | D:4      | Noticed a sky beast
  3216 | D:4      | Killed a sky beast
  3334 | D:4      | Noticed a black bear
  3339 | D:4      | Killed a black bear
  3340 | D:4      | Reached skill level 6 in Axes
  3340 | D:4      | Reached XP level 6. HP: 57/58 MP: 6/6
  3423 | D:4      | Identified the +2 long sword of Melee {vorpal, Int+7 Dex-3}
  3627 | D:4      | Found a faded altar of an unknown god.
  3627 | D:4      | Found a faded altar of an unknown god.
  3631 | D:4      | Found a hazy altar of Hepliaklqana.
  3632 | D:4      | Found a faded altar of an unknown god.
  3632 | D:4      | Found a faded altar of an unknown god.
  3632 | D:4      | Found a faded altar of an unknown god.
  4077 | D:5      | Entered Level 5 of the Dungeon
  4084 | D:5      | Reached skill level 7 in Axes
  4084 | D:5      | Reached XP level 7. HP: 66/66 MP: 7/7
  4133 | D:5      | Found a runed translucent gate.
  4133 | D:5      | Found a runed translucent gate.
  4133 | D:5      | Found a runed translucent gate.
  4137 | D:5      | Noticed sanboga's ghost (amateur DsBe)
  4137 | D:5      | Noticed Smersh616's ghost (weakling GnDe)
  4218 | D:5      | Found an ancient bone altar of Kikubaaqudgha.
  4272 | D:5      | Became a worshipper of Beogh the Brigand
  4510 | D:5      | Reached skill level 8 in Axes
  4733 | D:5      | Reached XP level 8. HP: 64/74 MP: 8/8
  5065 | D:5      | Killed sanboga's ghost
  5066 | D:5      | Reached skill level 9 in Axes
  5066 | D:5      | Killed Smersh616's ghost
  5066 | D:5      | Reached * piety under Beogh
  5846 | D:6      | Reached skill level 10 in Axes
  5858 | D:6      | Reached XP level 9. HP: 52/85 MP: 9/9
  6020 | D:6      | Found a staircase to the Ecumenical Temple.
  6359 | D:7      | Reached skill level 5 in Armour
  6386 | D:7      | Reached skill level 10 in Fighting
  6478 | D:7      | Found Goekupri's Book Boutique.
  6937 | D:7      | Reached skill level 11 in Axes
  7724 | D:3      | Bought a pair of runed boots for 157 gold pieces
  7724 | D:3      | Bought a pair of runed gloves for 157 gold pieces
  8163 | D:8      | Reached ** piety under Beogh
  8223 | D:8      | Noticed Jingleheimer's ghost (novice DsFi)
  8238 | D:8      | Found a runed translucent door.
  8255 | D:8      | Killed Jingleheimer's ghost
  8256 | D:8      | Reached XP level 10. HP: 87/95 MP: 10/10
  8511 | D:8      | Reached skill level 12 in Axes
  9540 | D:9      | Reached skill level 13 in Axes
 10153 | D:10     | Entered Level 10 of the Dungeon
 10168 | D:10     | Reached *** piety under Beogh
 10200 | D:10     | Reached XP level 11. HP: 89/105 MP: 11/11
 10539 | D:10     | Found a staircase to the Lair.
 10798 | D:10     | Reached skill level 14 in Axes
 10946 | D:10     | Noticed a two-headed ogre
 10967 | D:10     | Killed a two-headed ogre
 10968 | D:10     | Reached skill level 10 in Armour
 10983 | D:10     | Found a burning altar of Makhleb.
 11184 | D:10     | Noticed a two-headed ogre
 11197 | D:10     | Noticed a rakshasa
 11197 | D:10     | Noticed a tengu warrior
 11201 | D:10     | Killed a two-headed ogre
 11209 | D:10     | Reached **** piety under Beogh
 11221 | D:10     | HP: 5/108 [poisoned by a hornet]
 11634 | D:10     | Killed a rakshasa
 11808 | D:10     | Found the +7 Kryia's mail coat {PotionHeal*2 rC+}
 11955 | D:10     | Killed a tengu warrior
 11956 | D:10     | Reached skill level 15 in Axes
 12083 | Lair:1   | Entered Level 1 of the Lair of Beasts
 12254 | Lair:1   | Reached XP level 12. HP: 110/117 MP: 12/12
 12351 | Lair:1   | Reached skill level 1 in Invocations
 12354 | Lair:1   | Reached skill level 1 in Evocations
 13351 | Lair:2   | Found a frozen archway.
 13360 | IceCv    | Entered an ice cave
 13707 | IceCv    | Found an ancient bone altar of Kikubaaqudgha.
 14771 | IceCv    | Reached skill level 5 in Invocations
 15023 | IceCv    | Reached ***** piety under Beogh
 15024 | IceCv    | Reached skill level 16 in Axes
 15192 | IceCv    | Reached skill level 15 in Fighting
 15219 | IceCv    | Identified the ring of Yronehoi {*Slow rElec rN+ Str+5
                  | Int+3}
 15391 | Lair:2   | Reached XP level 13. HP: 111/126 MP: 17/17
 15662 | Lair:2   | Noticed Maggie
 15675 | Lair:2   | Killed Maggie
 15682 | Lair:2   | Reached skill level 5 in Evocations
 16027 | Lair:2   | Found a hole to the Spider Nest.
 16544 | Lair:3   | Noticed an ice dragon
 16556 | Lair:3   | Killed an ice dragon
 16779 | Lair:3   | Gained Boghold as an ally
 16780 | Lair:3   | Found a staircase to the Swamp.
 17587 | Lair:4   | Found a staircase to the Slime Pits.
 17588 | Lair:4   | Found a viscous altar of Jiyva.
 18370 | Lair:5   | Entered Level 5 of the Lair of Beasts
 18373 | Lair:5   | Was placed under penance by Beogh
 18544 | Lair:5   | Identified the +0 hat of Lullibbo {rF+ Str+3 SInv}
 18813 | Lair:5   | Found a dark tunnel.
 18818 | Volcano  | Entered a volcano
 19034 | Volcano  | Noticed Bladwarg
 19048 | Volcano  | Killed Bladwarg the orc warlord
 19236 | Volcano  | Noticed a fire dragon
 19250 | Volcano  | Reached skill level 17 in Axes
 19261 | Volcano  | Killed a fire dragon
 19504 | Volcano  | Noticed Herok
 19794 | Volcano  | Found a bloodstained altar of Trog.
 20919 | Lair:5   | Reached skill level 5 in Shields
 20941 | Lair:5   | Reached XP level 14. HP: 137/137 MP: 19/19
 21721 | Lair:5   | Noticed Margrim
 21957 | Lair:4   | Gained mutation: You do not regenerate when monsters are
                  | visible. [a neqoxec]
 21968 | Lair:4   | HP: 6/138 [poisoned by an orc knight]
 21968 | Lair:4   | Gained mutation: You are clumsy. (Dex -2) [a neqoxec]
 21972 | Lair:4   | HP: 2/138 [poisoned by an orc knight]
 21974 | Lair:4   | Killed from afar by an orc sorcerer

Illustrated notes

Levels and vault maps discovered:
D:1:      spicycebolla_green_bress_n_ham, layout_rooms, serial_shops,
          nicolae_shop_window_shopping, hellmonk_ecumenical_altar_run_dry,
          amethyst_killhole, nrook_campfire
D:2:      layout_basic, uniq_crazy_yiuf_cottage
D:3:      layout_basic, serial_shops, nicolae_square_shop,
          nicolae_shop_overgrown_old_shop, shop_coins, shop,
          minmay_misc_feat_enclosed, chequers_serial_rivers_room_a,
          grunt_decor_one_mirror, chequers_serial_rivers_small_3
D:4:      layout_loops_ring, nicolae_hepliaklqana_ecumenical_no_more,
          nzn_wu_jian_contemplation
D:5:      layout_basic, lemuel_tele_altar, serial_undead, serial_undead_d,
          serial_undead_d, serial_undead_f, serial_undead_f,
          gammafunk_ghost_cemetery
D:6:      nicolae_cairo_tiling, layout_basic, lemuel_temple_firewalk_a
D:7:      layout_loops_ring, serial_shops, nicolae_stop_n_shop_2,
          corexii_corridor_pit
D:8:      layout_basic, hellmonk_ghost_happy_afterlife
D:9:      layout_loops_ring
D:10:     layout_rooms, demons_altar, erik_lair_island,
          minmay_fractal_squares_gapless_7
Lair:1:   layout_cave_pods
Lair:2:   layout_small_grid, nicolae_spider_entry_orb_guardian,
          portal_ice_cave_entry_ice_simulacra, grunt_megastairs_5,
          serial_bayou_shore_a, lemuel_fruit_tree, uniq_maggie
Lair:3:   layout_chaotic_city, minmay_swamp_entry_swarm, minmay_holes,
          fungi_pond_lemuel, ice2_lemuel, lemuel_fruit_fields,
          lemuel_fruit_fields
Lair:4:   layout_long_grid, slime_entry_1, roderic_batcave
Lair:5:   grunt_lair_end_beastmaster, layout_cave_pods, enter_volcano_4,
          gauntlet_entry_generic

Skill      XL: |  1  2  3  4  5  6  7  8  9 10 11 12 13 |
---------------+----------------------------------------+-----
Axes           | 3 4 5 6 7 8 10 11 13 15 16 17 | 17.6
Fighting       | 4 5 6 7 8 9 11 12 14 15 16 | 16.4
Armour         | 4 7 9 10 11 13 | 13.4
Invocations    | 5 7 |  7.4
Evocations     | 4 5 |  5.7
Shields        | 5 |  5.9

Action                   |  1- 3 |  4- 6 |  7- 9 | 10-12 | 13-15 || total
-------------------------+-------+-------+-------+-------+-------++-------
Melee: War axe           |    88 |    82 |   186 |   553 |   433 ||  1342
Throw: Dart              |       |       |       |     5 |       ||     5
Invok: Convert to Beogh  |       |       |     1 |       |       ||     1
Evoke: Wand              |       |       |       |       |    18 ||    18
  Use: Scroll            |       |     7 |     4 |    14 |    10 ||    35
       Potion            |       |       |     1 |    13 |    10 ||    24
 Stab: Distracted        |       |       |       |     1 |       ||     1
Armor: Scale mail        |    54 |    28 |       |   191 |   379 ||   652
       Chain mail        |       |    15 |    23 |       |       ||    38
       Plate armour      |       |       |   109 |   172 |       ||   281
Dodge: Dodged            |    52 |    41 |    56 |   238 |   240 ||   627
Block: Buckler           |    27 |    22 |    45 |   133 |   156 ||   383
